 Dungeon Crawl Stone Soup version 0.19-a0-1111-gcceb26a (webtiles) character file.

380 Deeps the Firebug (level 6, 0/45 HPs)
             Began as a Draconian Fire Elementalist on Aug 10, 2016.
             Was an Initiate of Vehumet.
             Succumbed to a kobold's poison
             ... on level 2 of the Dungeon.
             The game lasted 00:08:07 (2261 turns).

Deeps the Firebug (Draconian Fire Elementalist)     Turns: 2261, Time: 00:08:08

Health: 0/45       AC:  6    Str: 10    XL:     6   Next: 46%
Magic:  3/9        EV: 12    Int: 18    God:    Vehumet [......]
Gold:   158        SH:  0    Dex: 11    Spells: 2 memorised, 4 levels left

rFire  . . .     SeeInvis .     c - +4 short sword
rCold  . . .     Gourm    .     (armour unavailable)
rNeg   + . .     Faith    .     (no shield)
rPois  .         Spirit   .     (helmet restricted)
rElec  .         Dismiss  .     (no cloak)
rCorr  .         Reflect  .     (no gloves)
SustAt .         Harm     .     (no boots)
MR     .....                    (no amulet)
Stlth  +.........               (no ring)
                                j - ring of positive energy

@: lethally poisoned (0 -> -2)
A: unfitting armour, hooves 1, cold-blooded, AC +6
a: Renounce Religion


You were on level 2 of the Dungeon.
You worshipped Vehumet.
Vehumet was noncommittal.
You were hungry.

You visited 1 branch of the dungeon, and saw 3 of its levels.

You collected 158 gold pieces.

Inventory:

Hand Weapons
 c - a +4 short sword (weapon)
Jewellery
 j - a ring of positive energy (left hand)
 p - an uncursed ring of resist corrosion {unknown}
 t - a cursed amulet of guardian spirit {unknown}
Scrolls
 e - 3 scrolls of identify {unknown}
 g - 4 scrolls of remove curse {unknown}
 i - a scroll of fear {unknown}
 k - 2 scrolls of teleportation {unknown}
 l - a scroll of fog {unknown}
 o - a scroll of blinking {unknown}
 q - a scroll of recharging {unknown}
 w - a scroll of enchant armour {unknown}
Potions
 h - a potion of cure mutation
 n - a potion of flight
 s - a potion of lignification
Books
 a - a book of Flames

   Spells                             Type                      Level
   a - Flame Tongue                   Conjuration/Fire             1
   b - Throw Flame                    Conjuration/Fire             2
   c - Conjure Flame                  Conjuration/Fire             3
   d - Inner Flame                    Hexes/Fire                   3
   e - Sticky Flame                   Conjuration/Fire             4
   f - Fireball                       Conjuration/Fire             5
Comestibles
 b - a bread ration
 d - a meat ration
 f - 3 fruits
 m - a slice of pizza
 r - a beef jerky
 v - a chunk of flesh


   Skills:
 - Level 1.7 Dodging
 - Level 1.7 Stealth
 + Level 2.4 Spellcasting
 + Level 4.6 Conjurations
 + Level 5.4 Fire Magic


You had 4 spell levels left.
You knew the following spells:

 Your Spells              Type           Power        Failure   Level  Hunger
a - Flame Tongue          Conj/Fire      ###..        1%          1    #......
b - Sticky Flame          Conj/Fire      ###.....     24%         4    #####..


Dungeon Overview and Level Annotations

Branches:
Dungeon (3/15)

Altars:
Makhleb
Qazlal
Vehumet


Innate Abilities, Weirdness & Mutations

Your plain brown scales are hard. (AC +6)
Your body does not fit into most forms of armour.
You are cold-blooded and may be slowed by cold attacks.
You have large cloven feet.


Message History

* * * LOW HITPOINT WARNING * * *
You feel sick.
* * * LOW HITPOINT WARNING * * *
You feel sick.
* * * LOW HITPOINT WARNING * * *
You feel sick.
Your transformation is almost over.
* * * LOW HITPOINT WARNING * * *
You feel sick.
* * * LOW HITPOINT WARNING * * *
You feel sick.
* * * LOW HITPOINT WARNING * * *
You feel sick.
* * * LOW HITPOINT WARNING * * *
You feel sick.
You start resting.
Eating a chunk of flesh.
You start eating the chunk of flesh.
You feel less woody.
You continue eating.
You die...

#....)...#.#......#
#####..###.#
#......##.........#
##..)..#
#...)..##.........#
####..#
#########.........#
#... #.........#
#### #.........#
#.........#
#....†....#
#.....>.@.#
###########


There were no monsters in sight!

Vanquished Creatures
  Sigmund (D:2)
  An orc priest (D:3)
  Jessica (D:2)
  Natasha (twice) (D:1)
  7 adders
  2 oozes
  3 worms (D:2)
  4 giant geckos
  An orc (D:3)
  2 giant cockroaches
  3 goblins
  5 hobgoblins
  A quokka (D:2)
  2 ball pythons
  7 bats
  2 giant newts
  9 kobolds
  2 rats (D:2)
55 creatures vanquished.

Notes
Turn   | Place    | Note
-------+----------+-------------------------------------------
     0 | D:1      | Deeps the Draconian Fire Elementalist began the quest for the Orb.
     0 | D:1      | Reached XP level 1. HP: 14/14 MP: 3/3
   191 | D:1      | Reached XP level 2. HP: 18/20 MP: 5/5
   426 | D:2      | Reached XP level 3. HP: 18/26 MP: 0/6
   482 | D:2      | Noticed Natasha
   500 | D:1      | Killed Natasha
   580 | D:1      | Noticed Natasha
   586 | D:1      | Killed Natasha
   586 | D:1      | Reached skill level 4 in Fire Magic
   586 | D:1      | Reached XP level 4. HP: 18/33 MP: 0/7
   755 | D:2      | Found a stormy altar of Qazlal.
   755 | D:2      | Noticed an air elemental
   759 | D:2      | Noticed a fire elemental
   759 | D:2      | Noticed a water elemental
   759 | D:2      | Noticed an earth elemental
   792 | D:2      | Found a burning altar of Makhleb.
  1054 | D:2      | Noticed Jessica
  1059 | D:2      | Noticed Sigmund
  1059 | D:2      | Killed Jessica
  1059 | D:2      | Reached XP level 5. HP: 38/38 MP: 3/8
  1435 | D:2      | Killed Sigmund
  1435 | D:2      | Reached skill level 5 in Fire Magic
  1435 | D:2      | Reached XP level 6. HP: 34/45 MP: 3/9
  1443 | D:2      | Learned a level 4 spell: Sticky Flame
  2079 | D:3      | Found a radiant altar of Vehumet.
  2088 | D:3      | Became a worshipper of Vehumet
  2222 | D:3      | Gained mutation: You have large cloven feet. [potion of beneficial mutation]
  2251 | D:2      | HP: 3/67 [poisoned by a kobold]
  2258 | D:2      | HP: 2/67 [poisoned by a kobold]
  2261 | D:2      | Succumbed to a kobold's poison

Vault maps used:
D:1:      grunt_arrival_crossed_arrows
D:2:      minmay_wonky_spiral, lemuel_crystal_altar,
          nicolae_qazlal_style_of_elements, serial_glass, glass_columns_b,
          glass_columns_b, minivault_4, uniq_jessica, uniq_natasha, uniq_sigmund
D:3:      okawaru_trees_2, lemuel_crystal_altar, gup_sewer_entry_glass,
          grunt_decor_fettered

Skill      XL: |  1  2  3  4  5 |
---------------+----------------+-----
Conjurations   | 2 3 4 |  4.6
Fire Magic     | 4 5 |  5.4
Dodging        | |  1.7
Stealth        | |  1.7
Spellcasting   | |  2.4

Action                   |  1- 3 |  4- 6 || total
-------------------------+-------+-------++-------
Melee: Short sword       |    23 |    19 ||    42
       Unarmed           |     5 |       ||     5
       Tailslap          |     7 |     1 ||     8
 Cast: Flame Tongue      |    17 |    66 ||    83
       Sticky Flame      |       |     6 ||     6
  Use: Potion            |       |     7 ||     7
 Stab: Sleeping          |     1 |       ||     1
  Eat: Chunk             |       |     1 ||     1
       Meat ration       |       |     1 ||     1
Armor: Skin              |     9 |    27 ||    36
Dodge: Dodged            |    21 |    74 ||    95
